 Dungeon Crawl Stone Soup version 0.27-a0-1219-g958d993ae5 (webtiles) character file.

Game seed: 1057812004123018999

1 patchburns1 the Magician (level 1, 0/15 HPs)
             Began as a Djinni Hedge Wizard on June 6, 2021.
             Slain by a kobold
             ... wielding a +0 dagger
              (3 damage)
             ... on level 1 of the Dungeon.
             The game lasted 00:00:48 (52 turns).

patchburns1 the Magician (Djinni Hedge Wizard)        Turns: 52, Time: 00:00:48

Health: 0/15       AC:  2    Str:  9    XL:     1   Next: 22%
Gold:   0          EV: 12    Int: 15    God:
                   SH:  0    Dex: 12

rFire    + + .     SeeInvis .   a - +0 dagger
rCold    x . .     Faith    .   (no shield)
rNeg     . . .     Spirit   .   b - +0 robe
rPois    ∞         Reflect  .   c - +0 hat
rElec    .         Harm     .   (no cloak)
rCorr    .         Rampage  .   (no gloves)
Will     .....                  (boots unavailable)
Stlth    ++........             (no amulet)
HPRegen  0.05/turn              (no ring)
MPRegen  0.00/turn              (no ring)

@: flying
A: sickness immunity, fire resistance 2, cold vulnerability 1, float, innate
caster, hp casting, extra vitality 1
a: no special abilities


You were on level 1 of the Dungeon.
You visited 1 branch of the dungeon, and saw 1 of its levels.

Inventory:

Hand Weapons
 a - a +0 dagger (weapon)
Armour
 b - a +0 robe (worn)
 c - a +0 hat (worn)


   Skills:
 + Level 2.1 Dodging
 + Level 1.5 Stealth
 + Level 2.4 Spellcasting


You couldn't memorise any spells.
You knew the following spells:

 Your Spells              Type           Power      Damage    Failure   Level
a - Magic Dart            Conj           36%        1d4       8%          1
b - Blink                 Tloc           N/A        N/A       12%         2
c - Call Imp              Summ           9%         N/A       12%         2
d - Slow                  Hex            9%         N/A       12%         2
e - Conjure Flame         Conj/Fire      9%         6-21      22%         3
f - Mephitic Cloud        Conj/Pois/Air  9%         N/A       22%         3
Your spell library was empty.

Dungeon Overview and Level Annotations

Branches:
Dungeon (1/15)

Altars:


Innate Abilities, Weirdness & Mutations

You are immune to sickness and miasma.
You are immune to poison.
Your flesh is very heat resistant. (rF++)
You are vulnerable to cold. (rC-)
You float through the air rather than walking.
You learn spells naturally, not from books.
Your magical power is your life essence.
You have superior vitality. (+4 HP)


Message History

The magic dart hits the kobold but does no damage.
The kobold is moderately wounded.
The kobold barely misses you.
Aiming: Magic Dart (safe; 8% risk of failure)
Press: ? - help, Q - select action, (/) - cycle Shift-Dir - straight line, f/p - kobold
Aim: a kobold, wielding a +0 club (moderately wounded, 100% to hit)
The magic dart hits the kobold.
The kobold is heavily wounded.
The kobold hits you with a +0 club.
Aiming: Magic Dart (safe; 8% risk of failure)
Press: ? - help, Q - select action, (/) - cycle Shift-Dir - straight line, f/p - kobold
Aim: a kobold, wielding a +0 club (heavily wounded, 100% to hit)
You miscast Magic Dart.
You are very lightly contaminated with residual magic.
Nothing appears to happen.
The kobold barely misses you.
Aiming: Magic Dart (safe; 8% risk of failure)
Press: ? - help, Q - select action, (/) - cycle Shift-Dir - straight line, f/p - kobold
Aim: a kobold, wielding a +0 club (heavily wounded, 100% to hit)
The magic dart hits the kobold.
The kobold is severely wounded.
The kobold hits you with a +0 club.
* * * LOW HITPOINT WARNING * * *
There is an open gate here.
Your magical contamination has completely faded away.
The goblin barely misses you. The kobold closely misses you.
Aiming: Magic Dart (safe; 8% risk of failure)
Press: ? - help, Q - select action, (/) - cycle Shift-Dir - straight line, f/p - kobold
Aim: a kobold, wielding a +0 club (severely wounded, 100% to hit)
The magic dart hits the kobold.
You kill the kobold!
* * * LOW HITPOINT WARNING * * *
You see here a +0 ring mail.
You see here a +0 club.
A kobold comes into view. It is wielding a +0 dagger.
You see here a +0 ring mail.
You see here a +0 club.
The kobold hits you with a +0 dagger.
You die...

###.....#.#.###
#........?....
#.............
#...##'''''##
#...###.......###
... #...........#
. #...........#
#######'''#######
#g#.....K@....#K#
###..8[###g8..###
#≈.............≈#
#≈.............≈#
#≈≈...........≈≈#
#≈≈≈≈.......≈≈≈≈#
#≈≈≈≈≈≈≈.≈≈≈≈≈≈≈#
#≈≈≈≈≈≈≈<≈≈≈≈≈≈≈#
#################


You could see a goblin and 2 kobolds.

Vanquished Creatures
  A kobold (D:1)
1 creature vanquished.

Notes
Turn   | Place    | Note
-------+----------+-------------------------------------------
     0 | D:1      | patchburns1 the Djinni Hedge Wizard began the quest for the
                  | Orb.
     0 | D:1      | Reached XP level 1. HP: 15/15 MP: 0/0
    52 | D:1      | Slain by a kobold

Illustrated notes

Levels and vault maps discovered:
D:1:      lordsloth_arrival_two_stooges, layout_basic

Action                   || total
-------------------------++-------
Melee: Dagger            ||     1
 Cast: Magic Dart        ||     5
Dodge: Dodged            ||     5

Table legend: (Time is in decaauts)
 A = Elapsed time spent in this place.
 B = Non-inter-level travel time spent in this place.
 C = Inter-level travel time spent in this place.
 D = Time resting spent in this place.
 E = Time spent auto-exploring this place.
 F = Levels seen in this place.
 G = Mean time per level.
                   A        B        C        D        E       F      G
               +--------+--------+--------+--------+--------+-----+--------+
         Total |     52 |     52 |      0 |      0 |      0 |   1 |   52.0 |
       Dungeon |     52 |     52 |      0 |      0 |      0 |   1 |   52.0 |
               +--------+--------+--------+--------+--------+-----+--------+

Top non-repeatable levels by time:
     D:1: 52 daAuts
